 Dungeon Crawl Stone Soup version 0.24-a0-788-g2b66604 (webtiles) character file.

Game seed: 14250804113093892735, levelgen mode: deterministic

13897 2tousent the Impaler (level 12, -1/86 HPs)
             Began as a Merfolk Gladiator on Oct 9, 2019.
             Was a Believer of Fedhas.
             Slain by a ghost moth (6 damage)
             ... on level 2 of the Lair of Beasts.
             The game lasted 00:40:47 (13651 turns).

2tousent the Impaler (Merfolk Gladiator)           Turns: 13651, Time: 00:40:48

Health: -1/86      AC: 16    Str: 16 (18) XL:     12   Next: 10%
Magic:  0/15       EV: 14    Int:  2 (7)  God:    Fedhas [**....]
Gold:   773        SH:  0    Dex: 19 (20) Spells: 11/11 levels left

rFire    + . .     SeeInvis .   e - +0 halberd
rCold    + . .     Gourm    .   (shield currently unavailable)
rNeg     + . .     Faith    .   t - +1 scale mail {rN+}
rPois    +         Spirit   .   w - +2 hat
rElec    +         Reflect  .   u - +0 cloak {rPois}
rCorr    .         Harm     .   I - +2 pair of gloves
MR       .....                  R - +1 pair of boots
Stlth    +.........             (no amulet)
HPRegen  0.24/turn              y - ring of protection from fire
MPRegen  0.14/turn              N - ring "Mizy" {Wiz rElec rC+ Str+3}

@: no status effects
A: change form in water, swift swim, stealthy swim, camouflage 1, screaming 1
a: Wall of Briars, Renounce Religion


You were on level 2 of the Lair of Beasts.
You worshipped Fedhas.
Fedhas was pleased with you.
You were hungry.

You visited 3 branches of the dungeon, and saw 13 of its levels.

You collected 773 gold pieces.

Inventory:

Hand Weapons
 a - a +1 trident
 e - a +0 halberd (weapon)
Missiles
 z - 20 poisoned darts
 O - a boomerang (quivered)
Armour
 b - a +0 leather armour
 c - a +1 helmet
 t - a +1 scale mail of positive energy (worn)
 u - a +0 cloak of poison resistance (worn)
 w - a +2 hat (worn)
 I - a +2 pair of gloves (worn)
 R - a +1 pair of boots (worn)
Jewellery
 g - an uncursed ring of flight
 q - an uncursed ring of fire
 y - a ring of protection from fire (left hand)
 N - the ring "Mizy" (right hand) {Wiz rElec rC+ Str+3}
   (You found it on level 10 of the Dungeon)

   [ring of wizardry]

   It improves your spell success rate.
   It affects your strength (+3).
   It protects you from cold.
   It insulates you from electricity.
Wands
 r - a wand of enslavement (11)
 s - a wand of clouds (5)
 B - a wand of polymorph (5)
 H - a wand of flame (50)
 K - a wand of digging (5)
 M - a wand of disintegration (12)
Scrolls
 j - 8 scrolls of teleportation
 k - 2 scrolls of amnesia
 m - 7 scrolls of identify
 p - a scroll of enchant weapon
 v - 2 scrolls of fear
 E - 2 scrolls of enchant armour
 F - 4 scrolls of remove curse
 G - a scroll of fog
 Q - a scroll of acquirement {unknown}
 S - a scroll of summoning {unknown}
Potions
 h - 2 potions of mutation
 i - 2 potions of berserk rage
 l - 2 potions of flight
 o - 4 potions of brilliance
 x - a potion of magic
 A - a potion of degeneration
 C - a potion of might
 D - a potion of heal wounds
 L - 2 potions of curing
 P - a potion of haste
Comestibles
 f - 30 rations


   Skills:
 - Level 5.2 Fighting
 - Level 16.0 Polearms
 * Level 11.0 Throwing
 - Level 4.0 Armour
 - Level 7.0 Dodging
 - Level 5.0 Invocations
 - Level 4.9 Evocations


You had 11 spell levels left.
You didn't know any spells.
Your spell library contained the following spells:

 Spells                   Type           Power        Failure   Level  Hunger
 Bolt of Magma            Conj/Fire/Erth #.........   100%        5    ######.
 Iskenderun's Battlesphe  Conj/Chrm      #.......     100%        5    ######.
 Venom Bolt               Conj/Pois      #.........   100%        5    ######.
 Iron Shot                Conj/Erth      #.........   100%        6    #######
 Orb of Destruction       Conj           #.........   100%        7    #######
 Spellforged Servitor     Conj/Summ      #.........   100%        7    #######


Dungeon Overview and Level Annotations

Branches:
Dungeon (10/15)            Temple (1/1) D:7            Lair (2/6) D:10
  Swamp (0/4) Lair:2          Orc (0/2) D:10
  Snake: Lair:2-4    Spider: Lair:2-4

Altars:
Ashenzari
Cheibriados
Dithmenos
Elyvilon
Fedhas
Gozag
Hepliaklqana
Kikubaaqudgha
Makhleb
Nemelex Xobeh
Okawaru
Qazlal
Ru
Sif Muna
Trog
Uskayaw
Vehumet
Wu Jian
Xom
Yredelemnul
Zin
The Shining One

Shops:
D:7 *

Annotations:
D:10 2 runed translucent doors, GekoRoach's ghost, journeyman MiBe


Innate Abilities, Weirdness & Mutations

You revert to your normal form in water.
You are very nimble and swift while swimming.
You are very stealthy in the water. (Stealth+)
Your skin changes colour to match your surroundings (Stealth+).
You occasionally shout uncontrollably at your foes.


Message History

The burst of metal fragments hits something but does no damage.
Something hits you but does no damage. Something hits you!
* * * LOW HITPOINT WARNING * * *
You feel dopey. Something stings you.
* * * LOW HITPOINT WARNING * * *
Unknown command.
Evoke which item? (* to show all) (? for menu, Esc to quit)
Aiming: Scattershot
Press: ? - help, Shift-Dir - straight line The burst of metal fragments hits something.
The burst of metal fragments hits something but does no damage. x2
The now-empty wand crumbles to dust.
Something hits you.
* * * LOW HITPOINT WARNING * * *
Something hits you but does no damage. Something stings you.
* * * LOW HITPOINT WARNING * * *
You feel you are being watched by something.
Something hits you but does no damage. Something hits you.
You die...
Fedhas appreciates your contribution to the ecosystem.

......##....................
...........(................
.../........................
............................
.........§§§§☼..............
P.......#.§§§.?.............
...##.......##§§°?..P...........
...........#####{.#........###.##
#.......... #@.#.........####
...........# #.............#
...........# ##..#..........##
.....(...... #.......)........
...........####...P..........# ##
.............................###.
.............................##..
#PP................#.........##.#
###........P......#.#........P..#


There were no monsters in sight!

Vanquished Creatures
  2 two-headed ogres
  2 unseen horrors (D:10)
  A swamp dragon (Lair:2)
  A black mamba (Lair:2)
  5 spiny frogs
  A komodo dragon (Lair:2)
  Grinder (D:6)
  A hippogriff (D:7)
  A spriggan (D:10)
  2 wyverns
  3 basilisks
  Eustachio (D:6)
  9 yaks
  An acid dragon (D:10)
  3 water moccasins
  3 porcupines
  A black bear (D:10)
  A phantom (D:10)
  4 orc warriors
  4 ice beasts
  5 ogres
  A necrophage (D:5)
  4 centaurs
  6 wolves (Lair:2)
  11 crocodiles
  A wyvern zombie (D:10)
  6 bullfrogs
  A scorpion (D:6)
  4 killer bees (D:10)
  5 wights (D:6)
  2 howler monkeys (D:7)
  6 crimson imps
  A centaur zombie (D:6)
  7 hounds
  3 orc priests
  3 jellies
  6 orc wizards
  A bullfrog skeleton (D:4)
  4 centaur skeletons
  Terence (D:3)
  2 iguanas (Lair:2)
  10 worker ants
  Robin (D:3)
  4 gnolls (D:2)
  10 adders
  2 shadow imps
  An adder zombie (D:9)
  2 adder skeletons
  2 worms (D:2)
  A dart slug (D:1)
  2 leopard geckos
  35 orcs
  3 giant cockroaches
  14 goblins
  12 hobgoblins
  13 jackals
  9 kobolds
  4 quokkas
  2 ball pythons
  5 bats
  3 frilled lizards
  A quokka skeleton (D:4)
  5 rats
  A butterfly (Lair:2)
269 creatures vanquished.

Vanquished Creatures (others)
  A fungus (Lair:2)
1 creature vanquished.

Grand Total: 270 creatures vanquished

Notes
Turn   | Place    | Note
-------+----------+-------------------------------------------
     0 | D:1      | 2tousent the Merfolk Gladiator began the quest for the Orb.
     0 | D:1      | Reached XP level 1. HP: 16/16 MP: 1/1
    86 | D:1      | Reached skill level 5 in Polearms
    86 | D:1      | Reached XP level 2. HP: 22/22 MP: 2/2
   774 | D:1      | Reached XP level 3. HP: 27/27 MP: 3/3
   977 | D:2      | Reached skill level 6 in Polearms
  1018 | D:2      | Found a burning altar of Makhleb.
  1027 | D:2      | Reached XP level 4. HP: 33/33 MP: 4/4
  1053 | D:2      | Reached skill level 7 in Polearms
  1295 | D:2      | Reached XP level 5. HP: 38/38 MP: 5/5
  1688 | D:2      | Reached skill level 8 in Polearms
  2616 | D:3      | Reached skill level 9 in Polearms
  2616 | D:3      | Reached XP level 6. HP: 41/44 MP: 6/6
  2688 | D:3      | Noticed Terence
  2695 | D:3      | Killed Terence
  2752 | D:3      | Found an opulent altar of Gozag.
  2821 | D:3      | Noticed an ice beast
  2830 | D:3      | Killed an ice beast
  2992 | D:3      | Reached skill level 10 in Polearms
  3173 | D:3      | Found an ancient bone altar of Kikubaaqudgha.
  3242 | D:4      | Noticed Robin
  3266 | D:4      | Reached XP level 7. HP: 46/50 MP: 7/7
  3306 | D:3      | Killed Robin
  3510 | D:4      | Found an iron altar of Okawaru.
  3574 | D:4      | Reached skill level 11 in Polearms
  3765 | D:4      | Found a snail-covered altar of Cheibriados.
  3795 | D:4      | Found a hide-covered altar of Uskayaw.
  3935 | D:5      | Entered Level 5 of the Dungeon
  4109 | D:5      | Reached skill level 12 in Polearms
  4163 | D:5      | Reached XP level 8. HP: 46/55 MP: 8/8
  4492 | D:6      | Noticed Eustachio
  4510 | D:6      | Killed Eustachio
  4510 | D:6      | Reached skill level 13 in Polearms
  4519 | D:6      | Noticed Grinder
  4542 | D:6      | Killed Grinder
  4722 | D:6      | Gained mutation: You occasionally shout uncontrollably at
                  | your foes. [potion of mutation]
  4722 | D:6      | Gained mutation: Your skin changes colour to match your
                  | surroundings (Stealth+). [potion of mutation]
  4747 | D:7      | Reached skill level 14 in Polearms
  5333 | D:6      | Reached XP level 9. HP: 58/60 MP: 9/9
  5378 | D:6      | Reached skill level 15 in Polearms
  5899 | D:6      | Reached skill level 16 in Polearms
  6275 | D:6      | HP: 2/60 [orc warrior/+0 long sword (7)]
  6576 | D:7      | Reached skill level 5 in Throwing
  6778 | D:7      | Found a shadowy altar of Dithmenos.
  6968 | D:7      | Found a staircase to the Ecumenical Temple.
  6975 | Temple   | Entered the Ecumenical Temple
  6991 | Temple   | Became a worshipper of Fedhas Madash
  7755 | D:7      | Found Zin's Purification Station.
  7758 | D:7      | Found a glowing silver altar of Zin.
  7862 | D:7      | Found an opulent altar of Gozag.
  8059 | D:7      | Reached skill level 1 in Evocations
  8120 | D:8      | Reached skill level 1 in Armour
  8120 | D:8      | Reached XP level 10. HP: 51/68 MP: 9/11
  8258 | D:8      | Reached skill level 5 in Dodging
  8290 | D:8      | Noticed a two-headed ogre
  8344 | D:8      | Killed a two-headed ogre
  9007 | D:9      | Reached * piety under Fedhas
  9132 | D:9      | Found a shimmering blue altar of Sif Muna.
  9178 | D:9      | Noticed a two-headed ogre
  9189 | D:9      | Killed a two-headed ogre
  9246 | D:10     | Entered Level 10 of the Dungeon
  9309 | D:10     | Killed an unseen horror
  9309 | D:10     | Reached skill level 5 in Fighting
  9520 | D:10     | Got a wavering steel ring
  9522 | D:10     | Identified the ring "Mizy" {Wiz rElec rC+ Str+3} (You found
                  | it on level 10 of the Dungeon)
  9585 | D:10     | Found a staircase to the Orcish Mines.
  9626 | D:10     | Reached XP level 11. HP: 77/79 MP: 14/14
  9657 | D:10     | Reached skill level 1 in Invocations
  9878 | D:10     | Found a runed translucent door.
  9878 | D:10     | Noticed a skeletal warrior
  9879 | D:10     | Noticed a yaktaur captain
  9880 | D:10     | Identified the cursed +2 mace of Deformation {drain, rPois
                  | rF+ rC++ MP+9}
  9881 | D:10     | Noticed an ogre mage
  9881 | D:10     | Noticed a necromancer
  9881 | D:10     | Noticed a skeletal warrior
  9881 | D:10     | Noticed a lich
  9882 | D:10     | Noticed GekoRoach's ghost (journeyman MiBe)
  9883 | D:10     | Noticed a skeletal warrior
  9885 | D:10     | Found a runed translucent door.
 10639 | D:10     | Reached ** piety under Fedhas
 10917 | D:10     | Found a staircase to the Lair.
 11142 | D:10     | Killed an unseen horror
 11252 | Lair:1   | Entered Level 1 of the Lair of Beasts
 11542 | Lair:1   | Reached skill level 5 in Invocations
 12125 | Lair:1   | Found the +8 mithril axe "Arga" {speed, MR+}
 12784 | Lair:2   | Reached skill level 10 in Throwing
 12920 | Lair:2   | Noticed a swamp dragon
 12940 | Lair:2   | Killed a swamp dragon
 12940 | Lair:2   | Reached XP level 12. HP: 34/85 MP: 15/15
 13178 | Lair:2   | Found a staircase to the Swamp.
 13621 | Lair:2   | Noticed a seven-headed hydra
 13623 | Lair:2   | a seven-headed hydra changed into something unseen
 13647 | Lair:2   | HP: 3/85 [something (2)]
 13651 | Lair:2   | Slain by a ghost moth

Levels and vault maps discovered:
D:1:      lightli_arrival_farm, layout_basic
D:2:      layout_basic, makhleb_heckhound_becter
D:3:      layout_basic, nicolae_overflow_hidden_temple, lemuel_doored_altar,
          first_ration, uniq_terence
D:4:      layout_rooms, cheibriados_altar_1, old_standard_altar,
          kennysheep_okawaru_gauntlet, uniq_robin
D:5:      layout_gridville
D:6:      layout_loops_corners, uniq_eustachio, uniq_grinder
D:7:      layout_gridville, zin_purify, nicolae_dithmenos_shadow_blocks,
          minmay_temple_entry_purple_smoke,
          nicolae_gozag_cash_rules_everything_around_me
D:8:      layout_basic, kennysheep_generic_room_10
D:9:      layout_rooms, overflow_temple_1_default
D:10:     layout_basic, erik_lair_dragon, orc_0_dummy,
          muffindrake_ghost_dual_entry, the_bakery
Temple:   eino_temple_water
Lair:1:   layout_chaotic_city, chequers_serial_rivers_micro_d,
          beast_lair_carwin_11, lemuel_fruit_tree, grunt_megastairs_3,
          infiniplex_staircase_pool_2
Lair:2:   beast_lair_carwin_large_2, layout_gridlike,
          minmay_swamp_entry_reptiles, gammafunk_ghost_cemetery, zaba_anthole,
          lemuel_fruit_fields

Skill      XL: |  1  2  3  4  5  6  7  8  9 10 11 12 |
---------------+-------------------------------------+-----
Polearms       | 5 6 7 9 10 12 14 16 | 16.0
Throwing       | 3 4 6 10 11 | 11.0
Evocations     | 1 4 |  4.9
Armour         | 1 3 4 |  4.0
Fighting       | 5 |  5.2
Dodging        | 7 |  7.0
Invocations    | 5 |  5.0

Action                   |  1- 3 |  4- 6 |  7- 9 | 10-12 || total
-------------------------+-------+-------+-------+-------++-------
Melee: Trident           |    80 |    27 |       |       ||   107
       Halberd           |       |   145 |   463 |   546 ||  1154
Throw: Throwing net      |       |     2 |     6 |     4 ||    12
       Dart              |       |       |    15 |    56 ||    71
       Boomerang         |       |       |       |    17 ||    17
Evoke: Wand              |       |       |       |    12 ||    12
  Use: Scroll            |     7 |     4 |     8 |     4 ||    23
       Potion            |       |       |     1 |     2 ||     3
 Stab: Held in net/web   |       |     1 |     2 |     3 ||     6
       Sleeping          |       |     6 |       |     2 ||     8
  Eat: Chunk             |       |     7 |    15 |    18 ||    40
Armor: Leather armour    |    18 |    18 |       |       ||    36
       Scale mail        |       |    32 |   203 |   178 ||   413
Dodge: Dodged            |    39 |   106 |   270 |   277 ||   692

Table legend:
 A = Non-vault XP
 B = Vault XP
 C = Vault XP percentage of total XP
 D = Non-vault monster count
 E = Vault monster count
 F = Vault count percentage of total count
                 A         B        C        D         E       F
            +---------+---------+-------+---------+---------+-------
      Total |   17233 |    2620 |  13.2 |     237 |      31 |  11.6
            +---------+---------+-------+---------+---------+-------
        D:1 |      35 |       0 |   0.0 |      20 |       0 |   0.0
        D:2 |     169 |      42 |  19.9 |      28 |       1 |   3.4
        D:3 |     246 |      54 |  18.0 |      18 |       3 |  14.3
        D:4 |     303 |      24 |   7.3 |      19 |      12 |  38.7
        D:5 |     481 |       0 |   0.0 |      12 |       0 |   0.0
        D:6 |    1465 |     472 |  24.4 |      40 |       2 |   4.8
        D:7 |    1203 |       0 |   0.0 |      19 |       0 |   0.0
        D:8 |    1668 |       0 |   0.0 |      13 |       0 |   0.0
        D:9 |    1403 |       0 |   0.0 |      11 |       0 |   0.0
       D:10 |    2855 |    1011 |  26.2 |      19 |       7 |  26.9
     Lair:1 |    3885 |     216 |   5.3 |      20 |       2 |   9.1
     Lair:2 |    3520 |     801 |  18.5 |      18 |       4 |  18.2
            +---------+---------+-------+---------+---------+-------
